 Dungeon Crawl Stone Soup version 0.28.0-43-g3370ac3207 (webtiles) character file.

Game seed: 10963320318998973022

527 TheDeanity the Cudgeller (level 7, 0/70 HPs)
             Began as a Troll Fighter on Mar 16, 2022.
             Slain by a black bear (2 damage)
             ... on level 5 of the Dungeon.
             The game lasted 00:10:10 (3794 turns).

TheDeanity the Cudgeller (Troll Fighter)            Turns: 3794, Time: 00:10:11

Health: 0/70       AC:  6    Str: 27    XL:     7   Next: 3%
Magic:  6/6        EV: 10    Int:  4    God:
Gold:   202        SH:  0    Dex: 15    Spells: 6/6 levels left

rFire   + . .      SeeInvis .   b - +0 whip
rCold   . . .      Faith    .   (no shield)
rNeg    . . .      Spirit   .   i - +2 robe {rF+}
rPois   .          Reflect  .   (helmet restricted)
rElec   .          Harm     .   (no cloak)
rCorr   .          Rampage  .   (gloves unavailable)
Will    .....                   (boots unavailable)
Stlth   +.........              (no amulet)
HPRegen 1.01/turn               g - +6 ring of dexterity
MPRegen 0.10/turn               (no ring)

@: mighty
A: large, unfitting armour, claws 3, regeneration 1, shaggy fur 1, tough skin 1
a: no special abilities


You were on level 5 of the Dungeon.
You visited 1 branch of the dungeon, and saw 5 of its levels.

You collected 202 gold pieces.

Inventory:

Hand Weapons
 a - a +0 morningstar
 b - a +0 whip (weapon)
 q - a +0 giant spiked club
Armour
 c - a +0 kite shield
 i - a +2 robe of fire resistance (worn)
Jewellery
 f - a ring of positive energy
 g - a +6 ring of dexterity (left claw)
Scrolls
 e - a scroll of identify
 h - a scroll of holy word
 j - a scroll of amnesia
 l - a scroll of vulnerability
Potions
 d - a potion of might


   Skills:
 + Level 4.2 Fighting
 * Level 5.8 Maces & Flails
 - Level 2.4 Dodging
 - Level 2.4 Shields


You had 6 spell levels left.
You didn't know any spells.
Your spell library contained the following spells:

 Spells                   Type           Power      Damage    Failure   Level
 Ignite Poison            Fire/Tmut/Pois 0%         N/A       86%         3
 Mephitic Cloud           Conj/Pois/Air  0%         N/A       86%         3
 Freezing Cloud           Conj/Ice/Air   0%         6-21      100%        5


Dungeon Overview and Level Annotations

Branches:
Dungeon (5/15)
 Temple: D:4-7

Altars:
Cheibriados
Elyvilon
Makhleb
Qazlal
Uskayaw


Innate Abilities, Weirdness & Mutations

You are too large for most types of armour.
You have claws for hands.
Your natural rate of healing is unusually fast.
You are covered in fur. (AC +1)
You have tough skin. (AC +1)


Message History

* * * LOW HITPOINT WARNING * * *
The black bear claws you but does no damage.
The black bear claws you.
* * * LOW HITPOINT WARNING * * *
The centaur zombie closely misses you. The centaur zombie barely misses you.
The black bear barely misses you.
The black bear claws you but does no damage.
The black bear claws you.
* * * LOW HITPOINT WARNING * * *
The centaur zombie barely misses you.
The centaur zombie kicks you but does no damage.
b - a +0 whip (weapon)
The black bear bites you!
* * * LOW HITPOINT WARNING * * *
The black bear claws you but does no damage.
The black bear barely misses you. The centaur zombie barely misses you.
The centaur zombie closely misses you.
Okay, then.
Okay, then.
You hit the black bear.
The black bear is severely wounded.
The black bear bites you but does no damage.
The black bear barely misses you. The black bear claws you.
* * * LOW HITPOINT WARNING * * *
The centaur zombie closely misses you. The centaur zombie barely misses you.
The black bear barely misses you. The black bear completely misses you.
The black bear claws you.
* * * LOW HITPOINT WARNING * * *
You feel very mighty all of a sudden. The black bear barely misses you.
The black bear closely misses you. The black bear claws you.
* * * LOW HITPOINT WARNING * * *
The centaur zombie hits you.
* * * LOW HITPOINT WARNING * * *
The centaur zombie kicks you.
* * * LOW HITPOINT WARNING * * *
You barely miss the black bear.
The black bear is severely wounded.
The black bear bites you.
You die...

..#E#..##..#####
..###.......#..#
......####.....##
.....###........######
###..####........#...#
##....##.............#
#.....#..............#
...##.#.....#........#
......†....###..@...##
..##..).....####hZ..#
..#...#...... #....##
.....##..............
..........###.........#
#......>..# #........##
...................>..
#...........##.........
##### #...........
.....##.... #...#.


You could see a black bear (berserk) and a centaur zombie.

Vanquished Creatures
  A sky beast (D:3)
  An ogre (D:4)
  2 scorpions (D:5)
  A gnoll shaman (D:4)
  2 hounds
  3 adders
  3 gnolls
  A shadow imp (D:5)
  2 worms (D:2)
  3 dart slugs
  6 orcs
  4 endoplasms
  5 giant cockroaches
  8 goblins
  2 hobgoblins (D:1)
  6 jackals
  6 kobolds
  A quokka (D:2)
  3 ball pythons
  6 bats
  6 frilled lizards
  4 rats
76 creatures vanquished.

Notes
Turn   | Place    | Note
-------+----------+-------------------------------------------
     0 | D:1      | TheDeanity the Troll Fighter began the quest for the Orb.
     0 | D:1      | Reached XP level 1. HP: 22/22 MP: 0/0
   144 | D:1      | Reached skill level 2 in Maces & Flails
   212 | D:1      | Reached XP level 2. HP: 29/29 MP: 1/1
   455 | D:1      | Reached XP level 3. HP: 36/36 MP: 2/2
   735 | D:2      | Reached skill level 3 in Maces & Flails
   942 | D:2      | Reached XP level 4. HP: 45/45 MP: 3/3
  1531 | D:3      | Found a faded altar of an unknown god.
  1617 | D:3      | Found a burning altar of Makhleb.
  1617 | D:3      | Found a white marble altar of Elyvilon.
  1617 | D:3      | Noticed a sky beast
  1676 | D:3      | Killed a sky beast
  1677 | D:3      | Reached skill level 4 in Maces & Flails
  1677 | D:3      | Reached XP level 5. HP: 53/53 MP: 4/4
  2348 | D:3      | Found a snail-covered altar of Cheibriados.
  2351 | D:3      | Found a hide-covered altar of Uskayaw.
  2353 | D:3      | Found a faded altar of an unknown god.
  3126 | D:4      | Reached XP level 6. HP: 62/62 MP: 5/5
  3451 | D:5      | Entered Level 5 of the Dungeon
  3469 | D:5      | Reached skill level 5 in Maces & Flails
  3734 | D:5      | Reached XP level 7. HP: 70/70 MP: 6/6
  3743 | D:5      | Found a stormy altar of Qazlal.
  3747 | D:5      | Noticed an air elemental
  3751 | D:5      | Noticed a fire elemental
  3751 | D:5      | Noticed a water elemental
  3793 | D:5      | HP: 2/70 [centaur zombie (3)]
  3794 | D:5      | Slain by a black bear

Illustrated notes

Levels and vault maps discovered:
D:1:      eino_arrival_cavern_b, layout_loops_ring, minivault_27
D:2:      layout_loops_ring
D:3:      layout_basic, chequers_temple_overflow_minitemple,
          ebering_ecumenical_altar_abandoned
D:4:      layout_loops_ring
D:5:      layout_cave_pools, nicolae_qazlal_style_of_elements,
          mainiacjoe_overflow_cross_hatched, minmay_misc_feat_room

Skill      XL: |  1  2  3  4  5  6 |
---------------+-------------------+-----
Maces & Flails | 2 3 4 5 |  5.8
Fighting       | 3 4 |  4.2
Dodging        | |  2.4
Shields        | |  2.4

Action                   |  1- 3 |  4- 6 |  7- 9 || total
-------------------------+-------+-------+-------++-------
Melee: Unarmed           |   158 |   143 |       ||   301
       Whip              |       |    21 |    19 ||    40
       Punch             |       |     1 |       ||     1
       Morningstar       |       |       |     5 ||     5
  Use: Scroll            |       |     5 |       ||     5
       Potion            |       |       |     1 ||     1
 Stab: Sleeping          |     1 |     1 |       ||     2
Armor: Robe              |    52 |    42 |    34 ||   128
Dodge: Dodged            |    45 |    54 |    54 ||   153
Block: Kite shield       |    53 |    62 |       ||   115
